 Dungeon Crawl Stone Soup version 0.28-a0-1506-g3893175d92 (webtiles) character file.

Game seed: 1968221469493291849

39 fragbeetle the Digger (level 3, -4/20 HPs)
             Began as a Gargoyle Earth Elementalist on Jan 13, 2022.
             Slain by Terence (9 damage)
             ... on level 1 of the Dungeon on Jan 14, 2022.
             The game lasted 00:04:21 (2031 turns).

fragbeetle the Digger (Gargoyle Earth Elementalist) Turns: 2031, Time: 00:04:22

Health: -4/20      AC:  5    Str: 13    XL:     3   Next: 45%
Magic:  3/6        EV: 12    Int: 15    God:
Gold:   72         SH:  0    Dex: 10    Spells: 2/6 levels left

rFire   . . .      SeeInvis .   f - +0 quarterstaff
rCold   . . .      Faith    .   (shield currently unavailable)
rNeg    + . .      Spirit   .   b - +0 robe
rPois   ∞          Reflect  .   (no helmet)
rElec   +          Harm     .   (no cloak)
rCorr   .          Rampage  .   (no gloves)
Will    .....                   (no boots)
Stlth   ++........              (no amulet)
HPRegen 0.06/turn               (no ring)
MPRegen 0.10/turn               (no ring)

@: no status effects
A: sickness immunity, AC +3, negative energy resistance 1, electricity
resistance, torment resistance 1, petrification resistance
a: no special abilities


You were on level 1 of the Dungeon.
You visited 1 branch of the dungeon, and saw 2 of its levels.

You collected 72 gold pieces.

Inventory:

Hand Weapons
 f - a +0 quarterstaff (weapon)
Missiles
 c - 58 stones
Armour
 b - a +0 robe (worn)
Jewellery
 g - a +6 ring of strength
Scrolls
 a - a scroll of brand weapon {unknown}
 d - a scroll of identify {unknown}
 e - a scroll of silence {unknown}


   Skills:
 + Level 0.9 Fighting
 + Level 0.4 Staves
 + Level 1.9 Dodging
 + Level 2.6 Stealth
 - Level 2.0 Spellcasting
 + Level 0.3 Conjurations
 - Level 1.0 Transmutations
 * Level 4.3 Earth Magic


You had 2 spell levels left.
You knew the following spells:

 Your Spells              Type           Power      Damage    Failure   Level
a - Sandblast             Erth           28%        2d8       3%          1
b - Stone Arrow           Conj/Erth      16%        3d8       26%         3

Your spell library contained the following spells:

 Spells                   Type           Power      Damage    Failure   Level
 Passwall                 Tmut/Erth      7%         N/A       12%         2
 Magic Dart               Conj           8%         1d3       19%         1
 Call Imp                 Summ           1%         N/A       32%         2
 Mephitic Cloud           Conj/Pois/Air  1%         N/A       54%         3
 Petrify                  Tmut/Erth      9%         N/A       58%         4


Dungeon Overview and Level Annotations

Branches:
Dungeon (2/15)

Altars:

Annotations:
D:1 Terence
D:2 1 runed translucent door, Crazy Yiuf


Innate Abilities, Weirdness & Mutations

You are immune to sickness and miasma.
Your stone body is resilient. (AC +3)
You are immune to poison.
You resist negative energy. (rN+)
You are resistant to electric shocks. (rElec)
You are resistant to unholy torment.
You are immune to petrification.


Message History

Terence is heavily wounded.
Terence shouts, "Get ready for death!"
Terence barely misses you.
Terence hits you with a +2 falchion of holy wrath!
Ouch! That really hurt!
* * * LOW HITPOINT WARNING * * *
There is an escape hatch in the floor here.
Terence shouts, "Get ready for death!"
Casting: Sandblast (safe; 3% risk of failure)
Confirm with . or Enter, or press ? or * to list all spells.
The spell is extremely dangerous to miscast (26% risk of failure)!
Continue anyway?
Aiming: Stone Arrow (extremely dangerous; 26% risk of failure)
Press: ? - help, Shift-Dir - straight line, f/p - Terence
Aim: Terence, wielding a +2 falchion of holy wrath and wearing a +0 scale mail (heavily wounded, 69% to hit)
The stone arrow misses Terence.
Terence shouts, "ATTACK!!!"
Terence screams, "I'm going to kill you!"
Terence says, "Don't bother to defend, it's pointless."
Terence says, "Don't bother to defend, it's pointless."
Terence says, "Don't bother to defend, it's useless."
There is a stone staircase leading up here.
Terence looks scornfully at you.
There is a stone staircase leading up here.
Terence hits you with a +2 falchion of holy wrath.
* * * LOW HITPOINT WARNING * * *
You climb upwards.
There is a stone staircase leading down here.
Terence asks, "Do you want it fast or slow?"
Terence shouts, "Now you die!" Terence screams, "I want your blood!"
Casting: Stone Arrow (extremely dangerous; 26% risk of failure)
Confirm with . or Enter, or press ? or * to list all spells.
The spell is extremely dangerous to miscast (26% risk of failure)!
Continue anyway?
Aiming: Stone Arrow (extremely dangerous; 26% risk of failure)
Press: ? - help, Shift-Dir - straight line, f - Terence
Aim: Terence, wielding a +2 falchion of holy wrath and wearing a +0 scale mail (moderately wounded, 69% to hit)
The stone arrow hits Terence!
Terence is severely wounded.
Terence hits you with a +2 falchion of holy wrath!
You die...

###### #####....#
#####........#### ###
#######.....#####.....# ..####
#....##.....#8.8#.....#
.....####....#...8###...###8..#
..................'..._...+...###
#..........#.....8###...###8.....
...........#...@@...#8.8#....#..#
.[#..).....#...####.#####....#...
.....#.##..#.................(.##
.....#).............#............
...#......##........###........##
.............................>.#
.##..#.##.###..........######..#
.##....................###.....#
.##..#..#..#.............#.#####


You could see Terence.

Vanquished Creatures
  A dart slug (D:1)
  A bat (D:1)
  2 endoplasms (D:1)
  A giant cockroach (D:2)
  4 goblins
  3 hobgoblins
  6 jackals (D:1)
  2 quokkas
  2 frilled lizards (D:1)
  6 kobolds
  4 rats (D:1)
32 creatures vanquished.

Notes
Turn   | Place    | Note
-------+----------+-------------------------------------------
     0 | D:1      | fragbeetle the Gargoyle Earth Elementalist began the quest
                  | for the Orb.
     0 | D:1      | Reached XP level 1. HP: 10/10 MP: 3/3
   266 | D:1      | Reached XP level 2. HP: 11/16 MP: 5/5
   371 | D:1      | Reached skill level 4 in Earth Magic
   697 | D:1      | Reached skill level 1 in Transmutations
  1021 | D:1      | Found a faded altar of an unknown god.
  1196 | D:1      | Reached XP level 3. HP: 19/20 MP: 6/6
  1749 | D:2      | Learned a level 3 spell: Stone Arrow
  1796 | D:2      | Found a runed translucent door.
  1797 | D:2      | Noticed Crazy Yiuf
  1905 | D:2      | Noticed Terence
  2031 | D:1      | Slain by Terence

Illustrated notes

Levels and vault maps discovered:
D:1:      dpeg_arrival_boxes_within_box, layout_basic,
          dreamdust_ecumenical_altar_angels_and_demons
D:2:      layout_loops_ring, serial_shops, nicolae_shop_window_shopping,
          uniq_terence, uniq_crazy_yiuf_cottage

Skill      XL: |  1  2 |
---------------+-------+-----
Earth Magic    | 4 |  4.3
Transmutations | 1 |  1.0
Fighting       | |  0.9
Staves         | |  0.4
Dodging        | |  1.9
Stealth        | |  2.6
Spellcasting   | |  2.0
Conjurations   | |  0.3

Action                   || total
-------------------------++-------
Melee: Unarmed           ||     9
       Short sword       ||     8
       Club              ||     1
       Quarterstaff      ||    99
 Cast: Sandblast         ||    11
       Stone Arrow       ||     3
 Stab: Sleeping          ||     2
Armor: Robe              ||    37
Dodge: Dodged            ||    96

Table legend: (Time is in decaauts)
 A = Elapsed time spent in this place.
 B = Non-inter-level travel time spent in this place.
 C = Inter-level travel time spent in this place.
 D = Time resting spent in this place.
 E = Time spent auto-exploring this place.
 F = Levels seen in this place.
 G = Mean time per level.
                   A        B        C        D        E       F      G
               +--------+--------+--------+--------+--------+-----+--------+
         Total |   2059 |   2041 |     18 |    615 |    884 |   2 | 1029.5 |
       Dungeon |   2059 |   2041 |     18 |    615 |    884 |   2 | 1029.5 |
               +--------+--------+--------+--------+--------+-----+--------+

Top non-repeatable levels by time:
     D:1: 1685 daAuts
     D:2: 374 daAuts
